 Dungeon Crawl Stone Soup version 0.21.1-1-g345015f (webtiles) character file.

24762 poirepourri the Severer (level 12, -8/103 HPs)
             Began as a Deep Dwarf Fighter on July 21, 2018.
             Was a High Priest of Makhleb.
             Shot with an arrow by a naga sharpshooter (16 damage)
             ... on level 1 of the Snake Pit.
             The game lasted 00:16:55 (9048 turns).

poirepourri the Severer (Deep Dwarf Fighter)        Turns: 9048, Time: 00:16:56

Health: -8/103     AC: 12    Str: 20    XL:     12   Next: 83%
Magic:  7/7        EV: 17    Int: 10    God:    Makhleb [*****.]
Gold:   641        SH: 17    Dex: 25    Spells: 11/11 levels left

rFire    . . .     SeeInvis +   a - +2 war axe
rCold    . . .     Gourm    .   c - +2 shield
rNeg     . . .     Faith    +   G - +0 chain mail
rPois    +         Spirit   .   x - +2 hat {SInv}
rElec    .         Reflect  .   w - +0 cloak
rCorr    .         Harm     .   (no gloves)
MR       +....                  (no boots)
Stlth    ..........             q - amulet of faith
HPRegen  0.00/turn              p - +4 ring of dexterity
MPRegen  0.10/turn              l - ring of poison resistance

@: agile, lethally poisoned (-8 -> -8), non-regenerating
A: damage resistance, heal wounds, sense surroundings 2, no regeneration
a: Heal Wounds, Minor Destruction, Lesser Servant of Makhleb, Major Destruction,
Greater Servant of Makhleb, Renounce Religion


You were on level 1 of the Snake Pit.
You worshipped Makhleb.
Makhleb was extremely pleased with you.
You were full.

You visited 4 branches of the dungeon, and saw 16 of its levels.
You also visited: Sewer.

You collected 641 gold pieces.

Inventory:

Hand Weapons
 a - a +2 war axe (weapon)
 b - a +4 morningstar
Missiles
 h - 59 bolts
 s - 15 tomahawks (quivered)
Armour
 c - a +2 shield (worn)
 w - a +0 cloak (worn)
 x - a +2 hat of see invisible (worn)
 G - a +0 chain mail (worn)
Jewellery
 l - a ring of poison resistance (right hand)
 p - a +4 ring of dexterity (left hand)
 q - an amulet of faith (around neck)
 v - a +4 ring of intelligence
 y - an uncursed ring of protection from magic
 A - an uncursed ring of protection from fire
 D - an uncursed ring of see invisible
Wands
 j - a wand of enslavement (17)
 m - a wand of random effects (48)
 o - a wand of iceblast (8)
Scrolls
 d - 9 scrolls of teleportation
 g - 4 scrolls of fear
 k - 3 scrolls of identify
 n - 2 scrolls of amnesia
Potions
 e - 3 potions of haste
 i - a potion of flight
 r - a potion of ambrosia
 u - 2 potions of cancellation
 z - 3 potions of magic
Books
 C - a book of Party Tricks

   Spells                             Type                      Level
   a - Summon Butterflies             Summoning                    1
   b - Apportation                    Translocation                1
   c - Lesser Beckoning               Translocation                3
   d - Tukima's Dance                 Hexes                        3
   e - Alistair's Intoxication        Transmutation/Poison         5
   f - Invisibility                   Hexes                        6
Comestibles
 f - 11 rations


   Skills:
 - Level 5.3 Fighting
 + Level 15.3 Axes
 - Level 4.0 Armour
 - Level 6.5 Dodging
 - Level 15.0 Shields


You had 11 spell levels left.
You didn't know any spells.

Dungeon Overview and Level Annotations

Branches:
Dungeon (8/15)             Temple (1/1) D:4            Lair (6/6) D:8
 Shoals (0/4) Lair:3        Snake (1/4) Lair:3
  Slime: Lair:5-6

Altars:
Ashenzari
Cheibriados
Dithmenos
Elyvilon
Fedhas
Gozag
Hepliaklqana
Kikubaaqudgha
Makhleb
Nemelex Xobeh
Okawaru
Qazlal
Ru
Sif Muna
Trog
Uskayaw
Wu Jian
Xom
Yredelemnul
Zin
The Shining One


Innate Abilities, Weirdness & Mutations

You are resistant to damage.
You can heal yourself by infusing magical energy.
You passively map the area around you.
You do not regenerate.


Message History

You hit the naga sharpshooter but do no damage.
The naga sharpshooter is almost dead.
You hit the naga sharpshooter.
The naga sharpshooter shoots a bolt.
You block the bolt. You block the naga's attack.
You closely miss the naga sharpshooter.
The naga sharpshooter is almost dead.
You slash the naga sharpshooter!
The naga sharpshooter casts a spell.
The naga sharpshooter magically shoots an arrow.
The arrow hits you!
* * * LOW HITPOINT WARNING * * *
You hit the naga sharpshooter.
The naga sharpshooter is almost dead.
You hit the naga sharpshooter. The naga hits you but does no damage.
The naga sharpshooter shoots a bolt.
The bolt hits you!
* * * LOW HITPOINT WARNING * * *
The naga sharpshooter gestures wildly while chanting.
The naga sharpshooter magically shoots an arrow.
The arrow hits you!!
You die...

, * ** * * *
##........,
,*
##........# ,
**..........#
* **
#........#**
* ........# ,
...N..# , , *
#.NN# * , ,
##@.# , , *
##(###, , ,
#.## * * ##.#
* **,
#####.## * 8
, * * #.##..#
, , *
##..#.## * ,
, *
##.....###*
*,* ,
#....)...# ,
,* * ,


You could see 2 naga sharpshooters and a naga.

Vanquished Creatures
  Gastronok (Lair:1)
  2 hydras
  A two-headed ogre (D:8)
  Maurice (D:8)
  6 elephants (Lair:3)
  3 merfolk sirens (Lair:3)
  4 black mambas
  A naga mage (Snake:1)
  The ghost of poirepourri the Covert, a novice SpEn of Dithmenos (D:6)
  6 spiny frogs
  3 komodo dragons
  A polar bear (Lair:3)
  A merfolk (Lair:3)
  6 hippogriffs
  12 blink frogs (Lair:3)
  A wyvern (Lair:4)
  13 yaks
  A hungry ghost (D:8)
  5 nagas
  Duvessa (D:5)
  3 porcupines
  8 water moccasins
  4 orc warriors
  4 ogres
  A phantom (D:5)
  2 sky beasts
  12 wolves
  A centaur (D:6)
  8 crocodiles
  9 bullfrogs
  A wyvern skeleton (D:8)
  2 scorpions (D:8)
  Dowan (D:5)
  4 wights (D:7)
  2 electric eels (Lair:4)
  2 howler monkeys (D:5)
  A crimson imp (D:6)
  A quasit (D:8)
  A centaur zombie (D:6)
  2 jellies
  A bullfrog skeleton (D:6)
  2 hounds
  5 orc priests
  8 orc wizards
  Crazy Yiuf (D:5)
  Ijyb (D:5)
  An iguana (D:6)
  5 worker ants
  A killer bee zombie (D:5)
  A worker ant zombie (D:6)
  A howler monkey zombie (D:7)
  10 gnolls
  2 howler monkey skeletons (D:8)
  16 adders
  A river rat (D:5)
  A shadow imp (D:6)
  2 adder zombies
  An adder skeleton (D:8)
  6 worms
  A dart slug (D:1)
  A leopard gecko (D:5)
  29 orcs
  4 giant cockroaches
  6 goblins
  2 hobgoblins
  A kobold (D:3)
  7 quokkas
  4 ball pythons
  6 bats
  8 frilled lizards
  A jackal skeleton (D:4)
  A leopard gecko skeleton (D:4)
  9 rats
  5 fungi
  5 plants (D:3)
295 creatures vanquished.

Vanquished Creatures (collateral kills)
  The ghost of poirepourri the Peltast, a journeyman DDFi of Makhleb (Lair:6)
  A hydra (Lair:3)
  An orc priest (D:7)
3 creatures vanquished.

Vanquished Creatures (others)
  An orc (D:6)
  2 fungi
  4 plants
7 creatures vanquished.

Grand Total: 305 creatures vanquished

Notes
Turn   | Place    | Note
-------+----------+-------------------------------------------
     0 | D:1      | poirepourri the Deep Dwarf Fighter began the quest for the Orb.
     0 | D:1      | Reached XP level 1. HP: 20/20 MP: 1/1
   115 | D:2      | Reached XP level 2. HP: 25/27 MP: 2/2
   590 | D:3      | Found a deep blue altar of Sif Muna.
   600 | D:3      | Reached XP level 3. HP: 31/33 MP: 3/3
   863 | D:3      | Reached XP level 4. HP: 38/40 MP: 4/4
  1061 | D:3      | Reached skill level 5 in Axes
  1337 | D:3      | Found a sparkling altar of Nemelex Xobeh.
  1487 | D:4      | Found a burning altar of Makhleb.
  1499 | D:4      | Became a worshipper of Makhleb the Destroyer
  1518 | D:4      | Noticed an ogre
  1531 | D:4      | Killed an ogre
  1531 | D:4      | Reached XP level 5. HP: 34/46 MP: 5/5
  1549 | D:4      | Found a white marble altar of Elyvilon.
  1561 | D:4      | Got a pair of polished gloves
  1567 | D:4      | Identified the +2 pair of gloves of Satisfaction {rElec Int+4 Dex-5 Slay+2} (You found it on level 4 of the Dungeon)
  1677 | D:4      | Found a staircase to the Ecumenical Temple.
  1697 | Temple   | Entered the Ecumenical Temple
  1908 | D:5      | Entered Level 5 of the Dungeon
  1972 | D:5      | Reached XP level 6. HP: 24/55 MP: 6/6
  2000 | D:5      | Noticed Ijyb
  2019 | D:5      | Killed Ijyb
  2074 | D:5      | Noticed Dowan
  2105 | D:5      | Killed Dowan
  2138 | D:5      | Reached * piety under Makhleb
  2144 | D:5      | Found a glowing drain.
  2158 | Sewer    | Entered a sewer
  2327 | Sewer    | Reached XP level 7. HP: 37/62 MP: 7/7
  2745 | D:5      | Noticed Duvessa
  2756 | D:5      | Killed Duvessa
  2756 | D:5      | Reached skill level 5 in Fighting
  2794 | D:5      | Found a runed door.
  2798 | D:5      | Noticed Crazy Yiuf
  2800 | D:5      | Killed Crazy Yiuf
  2852 | D:6      | Reached ** piety under Makhleb
  2864 | D:6      | Reached skill level 1 in Dodging
  2873 | D:6      | Reached XP level 8. HP: 58/74 MP: 7/7
  3038 | D:6      | Reached skill level 5 in Shields
  3294 | D:6      | Found a stormy altar of Qazlal.
  3410 | D:6      | Noticed poirepourri's ghost (novice SpEn)
  3433 | D:6      | Killed poirepourri's ghost
  3765 | D:7      | Gained mutation: You passively map the area around you. [Deep Dwarf growth]
  3765 | D:7      | Reached XP level 9. HP: 44/81 MP: 8/8
  4038 | D:7      | Reached *** piety under Makhleb
  4266 | D:7      | Reached skill level 5 in Dodging
  4702 | D:7      | HP: 1/81 [orc warrior/battleaxe (24)]
  4991 | D:8      | Noticed a two-headed ogre
  5006 | D:8      | Killed a two-headed ogre
  5006 | D:8      | Reached skill level 10 in Shields
  5137 | D:8      | Reached **** piety under Makhleb
  5258 | D:8      | Noticed Maurice
  5270 | D:8      | Reached XP level 10. HP: 86/88 MP: 7/7
  5282 | D:8      | Killed Maurice
  5343 | D:8      | Found a bloodstained altar of Trog.
  5343 | D:8      | Found a stormy altar of Qazlal.
  5539 | D:8      | Found a staircase to the Lair.
  5584 | Lair:1   | Entered Level 1 of the Lair of Beasts
  5584 | Lair:1   | Noticed Gastronok
  5612 | Lair:1   | Killed Gastronok
  5773 | Lair:1   | Reached XP level 11. HP: 95/96 MP: 8/8
  5800 | Lair:1   | Noticed a five-headed hydra
  5817 | Lair:1   | Killed a five-headed hydra
  6150 | Lair:1   | Reached skill level 15 in Shields
  6313 | Lair:2   | Reached ***** piety under Makhleb
  6771 | Lair:2   | Reached skill level 10 in Axes
  7177 | Lair:3   | Found a staircase to the Shoals.
  7219 | Lair:3   | Found a staircase to the Snake Pit.
  7251 | Lair:3   | Noticed a six-headed hydra
  7342 | Lair:2   | Reached XP level 12. HP: 41/103 MP: 9/9
  7547 | Lair:3   | Found a frozen archway.
  7667 | Lair:3   | Killed an eight-headed hydra
  8450 | Lair:4   | You fall through a shaft for 2 floors!
  8450 | Lair:6   | Entered Level 6 of the Lair of Beasts
  8488 | Lair:6   | Noticed poirepourri's ghost (journeyman DDFi)
  8515 | Lair:6   | Noticed a four-headed hydra
  8533 | Lair:6   | Killed poirepourri's ghost
  8541 | Lair:6   | Killed a four-headed hydra
  8773 | Lair:5   | Reached skill level 15 in Axes
  8960 | Snake:1  | Entered Level 1 of the Snake Pit
  9048 | Snake:1  | Shot with an arrow by a naga sharpshooter

Skill      XL: |  1  2  3  4  5  6  7  8  9 10 11 12 |
---------------+-------------------------------------+-----
Axes           | 3 4 6 7 8 12 15 | 15.3
Fighting       | 3 5 |  5.3
Dodging        | 1 4 6 |  6.5
Shields        | 4 7 11 14 15 | 15.0
Armour         | 4 |  4.0

Action                   |  1- 3 |  4- 6 |  7- 9 | 10-12 || total
-------------------------+-------+-------+-------+-------++-------
Melee: War axe           |   116 |   143 |   323 |   801 ||  1383
       Morningstar       |       |       |       |    16 ||    16
Throw: Tomahawk          |       |       |     4 |     4 ||     8
Invok: Lesser Servant of |       |       |       |     2 ||     2
 Abil: Heal Wounds       |       |     2 |    12 |    14 ||    28
Evoke: Wand              |       |       |     2 |     3 ||     5
       Phantom mirror    |       |       |       |     1 ||     1
  Use: Potion            |     1 |       |     6 |     8 ||    15
       Scroll            |       |     8 |     9 |    15 ||    32
 Stab: Distracted        |       |       |       |     1 ||     1
  Eat: Ration            |       |     2 |     4 |     3 ||     9
       Chunk             |       |     1 |       |     4 ||     5
Armor: Scale mail        |    54 |    53 |   130 |   150 ||   387
       Chain mail        |       |       |       |    77 ||    77
Dodge: Dodged            |    48 |    32 |   137 |   325 ||   542
Block: Shield            |    48 |    82 |   221 |   654 ||  1005
